 Dungeon Crawl Stone Soup version 0.30-a0-782-ge64f9170bb (webtiles) character file.

Game seed: 8477678153470266388

135 Barriton the Firebug (level 4, -6/33 HPs)
             Began as a Draconian Fire Elementalist on Mar 10, 2023.
             Mangled by a gnoll
             ... wielding a +0 flail
              (8 damage)
             ... on level 2 of the Dungeon.
             The game lasted 00:04:54 (3572 turns).

Barriton the Firebug (Draconian Fire Elementalist)  Turns: 3572, Time: 00:04:54

Health: -6/33      AC:  6    Str: 10    XL:     4   Next: 96%
Magic:  0/9        EV: 12    Int: 17    God:
Gold:   136        SH:  0    Dex: 12    Spells: 7/10 levels left

rFire   . . .      SeeInvis .    b - staff of air
rCold   . . .      Faith    .    (no shield)
rNeg    . . .      Spirit   .    (body armour unavailable)
rPois   .          Reflect  .    (helmet restricted)
rElec   +          Harm     .    m - +0 cloak
rCorr   .          Rampage  .    (no gloves)
Will    .....                    (no boots)
Stlth   ++                       (no amulet)
HPRegen 0.25/turn                e - ring of wizardry
MPRegen 0.11/turn                (no ring)

@: no status effects
A: AC +5, unfitting armour, cold-blooded
a: no special abilities


You were on level 2 of the Dungeon.
You visited 1 branch of the dungeon, and saw 3 of its levels.

You collected 136 gold pieces.

Inventory:

Hand Weapons
 d - a +2 quarterstaff of chaos
 i - a +0 hammer
Armour
 m - a +0 cloak (worn)
Magical Staves
 b - a staff of air (weapon)
Jewellery
 e - a ring of wizardry (left hand)
Scrolls
 n - a scroll of amnesia {unknown}
 o - a scroll of teleportation {unknown}
Potions
 a - a potion of magic
 c - a potion of degeneration
 f - a potion of ambrosia
 g - a potion of might
 h - 3 potions of heal wounds
 j - a potion of resistance {unknown}
 k - 2 potions of curing {unknown}
 l - a potion of lignification {unknown}


   Skills:
 - Level 1.8 Dodging
 - Level 1.9 Stealth
 - Level 0.2 Unarmed Combat
 * Level 3.8 Spellcasting
 + Level 1.5 Conjurations
 + Level 3.9 Fire Magic


You had 7 spell levels left.
You knew the following spells:

 Your Spells              Type           Power      Damage    Failure   Level
a - Foxfire               Conj/Fire      48%        2x1d6     2%          1
b - Scorch                Fire           32%        2d7       1%          2

Your spell library contained the following spells:

 Spells                   Type           Power      Damage    Failure   Level
 Inner Flame              Hex/Fire       10%        N/A       9%          3
 Kindle Blastsparks       Fire/Tloc/Air  22%        2d11      12%         3
 Flame Wave               Conj/Fire      12%        2d6       21%         4


Dungeon Overview and Level Annotations

Branches:
Dungeon (3/15)

Altars:
Fedhas

Shops:
D:2 [


Innate Abilities, Weirdness & Mutations

Your plain brown scales are hard. (AC +5)
You cannot fit into any form of body armour.
You are cold-blooded and may be slowed by cold attacks.


Message History

The gnoll barely misses you.
Your magical contamination has completely faded away.
You hit the gnoll.
Your tail-slap misses the gnoll.
The gnoll is severely wounded.
A gnoll comes into view. It is wielding a +0 flail.
The gnoll hits you with a +0 whip.
You hit the gnoll.
You kill the gnoll!
A gnoll comes into view. It is wielding a +0 flail.
You hit the gnoll but do no damage. The gnoll hits you but does no damage.
The gnoll attacks as you move away! The gnoll hits you with a +0 flail.
The gnoll attacks as you move away! The gnoll barely misses you.
You see here 4 javelins.
The gnoll attacks as you move away! The gnoll hits you but does no damage.
You barely miss the gnoll. The gnoll hits you with a +0 flail.
You closely miss the gnoll. The gnoll hits you with a +0 flail!
You hit the gnoll but do no damage. The gnoll hits you but does no damage.
You hit the gnoll but do no damage. The gnoll hits you with a +0 flail.
The gnoll closely misses you. The gnoll attacks as you move away!
The gnoll barely misses you.
You see here a hobgoblin corpse.
There is a stone staircase leading up here.
The gnoll barely misses you.
You climb upwards.
There is a stone staircase leading down here.
Casting: Scorch (safe; 1% risk of failure)
Confirm with . or Enter, or press ? or * to list all spells.
Flames lash the gnoll.
The gnoll is moderately wounded.
The gnoll's fire resistance burns away.
The gnoll hits you with a +0 flail.
* * * LOW HITPOINT WARNING * * *
You hit the gnoll but do no damage.
The gnoll is moderately wounded.
The gnoll hits you with a +0 flail.
* * * LOW HITPOINT WARNING * * *
You barely miss the gnoll.
The gnoll is moderately wounded.
The gnoll is no longer more vulnerable to fire.
The gnoll hits you with a +0 flail!
You die...

############## #.............
#.############ ###.##
##################....###########
...............g@..#.............
..##################...##########
.......................# #....
..##########''#######..# #....
### ♣..♣ #..# #.... ♣..♣ #..#
#.... ♣..♣ #..######.... ♣..♣
###......)... ♣..♣ #.#####....


You could see a gnoll.

Vanquished Creatures
  Crazy Yiuf (D:2)
  2 gnolls (D:3)
  2 adders
  3 worms
  3 dart slugs (D:1)
  4 ball pythons
  3 endoplasms
  6 giant cockroaches
  4 goblins
  4 hobgoblins
  A quokka (D:1)
  5 bats
  2 frilled lizards
  7 kobolds
  7 rats
54 creatures vanquished.

Vanquished Creatures (collateral kills)
  A foxfire (D:2)
1 creature vanquished.

Vanquished Creatures (others)
  133 foxfires
  A plant (D:2)
134 creatures vanquished.

Grand Total: 189 creatures vanquished

Notes
Turn   | Place    | Note
-------+----------+-------------------------------------------
     0 | D:1      | Barriton the Draconian Fire Elementalist began the quest
                  | for the Orb.
     0 | D:1      | Reached XP level 1. HP: 14/14 MP: 3/3
   243 | D:1      | Reached XP level 2. HP: 20/20 MP: 0/5
   362 | D:1      | Learned a level 2 spell: Scorch
   750 | D:1      | Reached XP level 3. HP: 26/26 MP: 3/6
  2123 | D:2      | Found Toufeiveol's Antique Armour Shoppe.
  2728 | D:2      | Reached XP level 4. HP: 33/33 MP: 5/8
  2901 | D:2      | Found a runed translucent door.
  2902 | D:2      | Noticed Crazy Yiuf
  2975 | D:2      | Killed Crazy Yiuf
  3338 | D:3      | Found a blossoming altar of Fedhas.
  3572 | D:2      | Mangled by a gnoll

Illustrated notes

Levels and vault maps discovered:
D:1:      dpeg_arrival_pits, layout_basic, chequers_serial_rivers_micro_a,
          nicolae_eternal_life, minmay_worlds_worst_comb
D:2:      kennysheep_big_flooded_room, layout_basic, serial_shops,
          nicolae_shop_overgrown_old_shop, uniq_crazy_yiuf_cottage
D:3:      layout_loops_cross, mainiacjoe_overflow_24_doors, hex_medium

Skill      XL: |  1  2  3 |
---------------+----------+-----
Spellcasting   | 3 |  3.8
Dodging        | |  1.8
Stealth        | |  1.9
Unarmed Combat | |  0.2
Conjurations   | |  1.5
Fire Magic     | |  3.9

Action                     |  1- 3 |  4- 6 || total
---------------------------+-------+-------++-------
  Melee: Unarmed           |    10 |       ||    10
         Tailslap          |     5 |       ||     5
         Staff             |    17 |    12 ||    29
   Cast: Foxfire           |    68 |    15 ||    83
         Scorch            |    15 |    10 ||    25
    Use: Scroll            |     4 |     4 ||     8
 Armour: Skin              |    10 |     5 ||    15
  Dodge: Dodged            |    22 |     7 ||    29

Table legend: (Time is in decaauts)
 A = Elapsed time spent in this place.
 B = Non-inter-level travel time spent in this place.
 C = Inter-level travel time spent in this place.
 D = Time resting spent in this place.
 E = Time spent auto-exploring this place.
 F = Levels seen in this place.
 G = Mean time per level.
                   A        B        C        D        E       F      G
               +--------+--------+--------+--------+--------+-----+--------+
         Total |   3577 |   3461 |    116 |      0 |   3086 |   3 | 1192.3 |
       Dungeon |   3577 |   3461 |    116 |      0 |   3086 |   3 | 1192.3 |
               +--------+--------+--------+--------+--------+-----+--------+

Top non-repeatable levels by time:
     D:2: 1662 daAuts
     D:1: 1443 daAuts
     D:3: 471 daAuts
